Unix NetHack Version 5.0.0-0 post-release - last build May 31 2026 23:59:36 (970b52f25bf058293b47ddfd14a1e40e571c508c,branch:main).

Game began 2026-06-07 15:34:45, ended 2026-06-07 15:39:58.

Jobair, lawful male dwarven Archeologist

                                --------
                               #.......|                           #
                               #|.......#####################0     #
                                -|---.--     ----------------     ##
                          ############       |...............######
                          #----- ##          |..............|
                          #|...|  ##         |.......`......-#
                          #|..`|   #     ##@b%..............|#
        -------------   --|-...----#     #   -------+-.------#
        |........>..|###-.........|###   #          ###      #--
        |...........-#  |.........|  #   #          ###      #.
        |...........|   |......(..|  ##  #          #        #|
        |...........|   ----------- --|--#          #        #
        |...........|               |...|#      ----.---+-  ##
        -------------               |...|#      |........| ###   .
                                    |....#      |........-##
                                    -----       |..<.....|
                                                ----------

Jobair the Field Worker    St:11 Dx:10 Co:14 In:16 Wi:13 Ch:12  Lawful
Dlvl:2  $:19 HP:0(24) Pw:5(5) AC:9  Xp:3 T:847 

Latest messages:
 You hear some noises in the distance.
 You hear some noises in the distance.
 You hear some noises in the distance.
 You hear some noises in the distance.
 You hear some noises in the distance.
 You hear some noises in the distance.
 You miss the fog cloud.
 You miss the fog cloud.
 You miss the fog cloud.
 You miss the fog cloud.
 You lash the fog cloud.
 You miss the fog cloud.
 The fog cloud engulfs you!
 You are laden with moisture and can barely breathe!
 You are enveloped in a cloud of steam!
 You lash the fog cloud.
 You destroy the fog cloud!
 Welcome to experience level 2.
 You miss the fog cloud.
 The fog cloud engulfs you!
 You are laden with moisture and can barely breathe!
 You are enveloped in a cloud of steam!
 You destroy the fog cloud!
 Welcome to experience level 3.
 You kill the sewer rat!
 There is a vapor cloud here.
 There is an open door here.
 You see here a sewer rat corpse.
 You lash the sewer rat.
 The sewer rat bites!
 You miss the sewer rat.
 The sewer rat bites!
 You kill the sewer rat!
 You miss the fog cloud.
 The fog cloud engulfs you!
 You are laden with moisture and can barely breathe!
 You lash the fog cloud.
 You lash the fog cloud.
 You destroy the fog cloud!
 There is a vapor cloud here.
 You see a gas cloud dissipate.
 You see a gas cloud dissipate.
 You lash the acid blob.
 You are splashed by the acid blob's acid!
 You die...
 Do you want your possessions identified? [ynq] (y) y
 Do you want to see your attributes? [ynq] (y) y
 Do you want an account of creatures vanquished? [ynaq] (y) y
 Do you want to see your conduct and achievements? [ynq] (y) y
 Do you want to see the dungeon overview? [ynq] (y) y

Inventory:
 Coins    ('$')
  $ - 19 gold pieces
 Weapons  (')')
  k - 11 +3 darts
  a - a +2 bullwhip (weapon in right hand)
 Armor    ('[')
  c - an uncursed +0 fedora (being worn)
  b - an uncursed +0 leather jacket (being worn)
 Comestibles  ('%')
  m - an uncursed goober
  d - 4 uncursed food rations
 Wands    ('/')
  i - a wand of locking (0:6)
  n - a wand of magic missile (0:4)
  l - a wand of slow monster (0:7)
 Tools    ('(')
  h - an empty uncursed sack
  e - a +0 pick-axe (alternate weapon; not wielded)
  f - a tinning kit (0:32)
 Gems/Stones  ('*')
  g - an uncursed touchstone

Jobair the Archeologist's attributes:

Background:
 You were a Field Worker, a level 3 male dwarven Archeologist.
 You were lawful, on a mission for Quetzalcoatl
 who was opposed by Camaxtli (neutral) and Huhetotl (chaotic).
 You started out female.
 You were right-handed.
 You were in the Dungeons of Doom, on level 2.
 You entered the dungeon 847 turns ago.
 You had 64 experience points, 16 more were needed to attain level 4.

Basics:
 You had 0 out of 24 hit points.
 You had all 5 energy points (spell power).
 Your armor class was 9.
 Your wallet contained 19 zorkmids.
 Autopickup was off.

Final Characteristics:
 Your strength was 11 (limit:18/100).
 Your dexterity was 10 (limit:20).
 Your constitution was 14 (limit:20).
 Your intelligence was 16 (limit:16).
 Your wisdom was 13 (limit:16).
 Your charisma was 12 (limit:16).

Final Status:
 You weren't hungry.
 You were unencumbered.
 You were wielding a whip.
 You had basic skill with whip.

Final Attributes:
 You were devoutly aligned.
 You had automatic searching.
 You had infravision.
 You were lucky.
 You are dead.

Miscellaneous:
 You didn't encounter any bones levels.
 Total elapsed playing time was 5 minutes and 11 seconds.

Major events:
 Turn
    1: Jobair the lawful female dwarven Archeologist entered the dungeon
  822: attained the rank of Field Worker (level 3)
  847: killed by an acid blob

You didn't know any spells.

Skills:
 Fighting Skills
   bare handed combat [Unskilled]
   two weapon combat  [Unskilled]
   riding             [Unskilled]
 Weapon Skills
   dagger             [Unskilled]
   knife              [Unskilled]
   pick-axe           [Basic]
   short sword        [Unskilled]
   saber              [Unskilled]
   club               [Unskilled]
   quarterstaff       [Unskilled]
   sling              [Unskilled]
   dart               [Unskilled]
   boomerang          [Unskilled]
   whip               [Basic]
   unicorn horn       [Unskilled]
 Spellcasting Skills
   attack spells      [Unskilled]
   healing spells     [Unskilled]
   divination spells  [Unskilled]
   matter spells      [Unskilled]

Voluntary challenges:
 Character rerolling was not enabled.
 You were an atheist.
 You never genocided any monsters.
 You never polymorphed an object.
 You never changed form.
 You used no wishes.
Achievement:
 You attained the rank of Field Worker.

 The Dungeons of Doom: levels 1 to 2
    Level 1:
       A sink.
    Level 2: <- You were here.
       Final resting place for
          you, killed by an acid blob.


Vanquished creatures:
  4 fog clouds
  5 jackals
  a fox
  a kobold
  a goblin
  2 sewer rats
  2 lichens
  2 newts
18 creatures vanquished.

No species were genocided or became extinct.

Game over:
                       ----------
                      /          \
                     /    REST    \
                    /      IN      \
                   /     PEACE      \
                  /                  \
                  |      Jobair      |
                  |      19 Au       |
                  |   killed by an   |
                  |    acid blob     |
                  |                  |
                  |                  |
                  |       2026       |
                 *|     *  *  *      | *
        _________)/\\_//(\/(/\)/\//\/|_)_______

Goodbye Jobair the Archeologist...

You died in The Dungeons of Doom on dungeon level 2 with 324 points,
and 19 pieces of gold, after 847 moves.
You were level 3 with a maximum of 24 hit points when you died.

